 Dungeon Crawl Stone Soup version 0.25.1-8-g42b30a86e7 (webtiles) character file.

Game seed: 10585163765600021162

6812 sahdkjhfkaj the Spear-Bearer (level 11, 0/75 HPs)
             Began as an Octopode Berserker on Dec 1, 2020.
             Was a High Priest of Trog.
             Slain by an unseen horror (10 damage)
             ... on level 9 of the Dungeon.
             The game lasted 00:24:53 (14040 turns).

sahdkjhfkaj the Spear-Bearer (Octopode Berserker)  Turns: 14040, Time: 00:24:53

Health: 0/75       AC:  1    Str: 17    XL:     11   Next: 5%
Magic:  16/16      EV: 17    Int: 10    God:    Trog [*****.]
Gold:   499        SH:  0    Dex: 14    Spells: 10/10 levels left

rFire    . . .     SeeInvis .   a - +0 trident
rCold    + . .     Gourm    .   (no shield)
rNeg     . . .     Faith    .   (helmet restricted)
rPois    .         Spirit   .   (no amulet)
rElec    .         Reflect  .   k - ring of protection from magic
rCorr    +         Harm     .   p - ring of resist corrosion
MR       +....                  w - ring of protection from cold
Stlth    ++++......             u - ring of stealth
HPRegen  0.22/turn              (no ring)
MPRegen  0.15/turn              (no ring)
                                (no ring)
                                (no ring)

@: no status effects
A: almost no armour, stealthy swim, amphibious, 8 rings, constrict 8, camouflage
1, gelatinous body 1
a: Berserk, Trog's Hand, Brothers in Arms, Renounce Religion


You were on level 9 of the Dungeon.
You worshipped Trog.
Trog was extremely pleased with you.
You were not hungry.

You visited 1 branch of the dungeon, and saw 9 of its levels.

You collected 499 gold pieces.

Inventory:

Hand Weapons
 a - a +0 trident (weapon)
Missiles
 j - 253 stones (quivered)
 l - 8 curare-tipped darts
 t - 10 boomerangs
Jewellery
 k - a ring of protection from magic (left tentacle)
 p - a ring of resist corrosion (right tentacle)
 u - a ring of stealth (on tentacle)
 w - a ring of protection from cold (on tentacle)
Wands
 i - a wand of enslavement (5)
 r - a wand of iceblast (9)
 v - a wand of random effects (35)
 y - a wand of clouds (7)
 C - a wand of paralysis (9)
 E - a wand of disintegration (13)
 F - a wand of digging (5)
Scrolls
 c - 2 scrolls of enchant weapon
 e - a scroll of identify
 f - a scroll of fog
 h - 2 scrolls of teleportation
 o - 4 scrolls of remove curse
 q - a scroll of blinking
 z - a scroll of vulnerability
 A - a scroll of magic mapping
 B - a scroll of immolation
 D - a scroll of enchant armour {unknown}
Potions
 d - 2 potions of lignification
 g - 2 potions of curing
 m - a potion of stabbing {unknown}
 n - a potion of flight
 s - 2 potions of magic
 x - a potion of invisibility {unknown}
Comestibles
 b - 14 rations


   Skills:
 - Level 7.4 Fighting
 + Level 10.9 Polearms
 - Level 5.0 Throwing
 - Level 7.2 Dodging
 + Level 2.8 Stealth
 - Level 7.3 Evocations


You had 10 spell levels left.
You didn't know any spells.
Your spell library was empty.

Dungeon Overview and Level Annotations

Branches:
Dungeon (9/15)             Temple (0/1) D:5            Lair (0/6) D:9
    Orc (0/2) D:9

Altars:
Ashenzari
Dithmenos
Fedhas
Nemelex Xobeh
Wu Jian
Yredelemnul

Shops:
D:5 %

Annotations:
D:5 1 runed translucent door, SpoonFarmer's ghost, novice MiFi
D:6 Menkaure
D:8 Gastronok


Innate Abilities, Weirdness & Mutations

You cannot wear most types of armour.
You are very stealthy in the water. (Stealth+)
You are amphibious.
You can wear up to eight rings at the same time.
You can use your tentacles to constrict eight enemies at once.
Your skin changes colour to match your surroundings (Stealth+).
Your rubbery body absorbs attacks. (AC +1, EV +1)


Message History

* * * LOW HITPOINT WARNING * * *
The phantom blinks!
You feel better. Something hits you.
* * * LOW HITPOINT WARNING * * *
You closely miss something. Something hits you.
* * * LOW HITPOINT WARNING * * *
Your ogre rages.
What are your orders? t - Shout!
Orders for allies: a - Attack new target. r - Retreat! s - Stop attacking. g - Guard the area. f - Follow me.
Anything else - Cancel.
Retreat in which direction?
Press: ? - help, Dir - move target cursor Fall back!
Something hits you!
* * * LOW HITPOINT WARNING * * *
Your ogre closely misses the phantom.
Something hits you!
You die...

####### ### ##...#.# ###.###
#....... #.....######.......
###.......##.......
#.@........##......
##O.##.....##...##.
##W.............##
##########..(.#..............
#.............#........##....
#####.########.......#.....###...
...........# ###.....#...........
....###....# .....######..##...
.#...≈...#.# #...##>####.......


You could see a phantom and a friendly ogre (summoned, berserk).

Vanquished Creatures
  Pikel (D:7)
  A troll (D:9)
  2 hippogriffs
  A spriggan (D:7)
  4 yaks (D:9)
  10 soldier ants (D:8)
  A sky beast (D:5)
  2 slaves (D:8)
  2 ice beasts
  An eye of draining (D:9)
  4 centaurs
  4 ogres
  A crocodile (D:9)
  A big kobold (D:9)
  3 bullfrogs
  A scorpion (D:4)
  A water moccasin skeleton (D:9)
  A killer bee (D:9)
  5 wights (D:8)
  3 howler monkeys
  2 crimson imps
  A bullfrog zombie (D:7)
  A centaur zombie (D:5)
  5 hounds
  A quasit (D:6)
  7 orc priests
  2 jellies
  6 orc wizards
  2 bullfrog skeletons
  A centaur skeleton (D:5)
  2 iguanas
  7 worker ants
  A hound skeleton (D:4)
  2 worker ant zombies (D:5)
  3 gnolls (D:9)
  17 adders
  A river rat (D:3)
  3 shadow imps
  3 oozes
  An adder skeleton (D:4)
  6 worms
  5 dart slugs
  5 leopard geckos
  21 orcs
  8 giant cockroaches
  13 goblins
  11 hobgoblins
  13 jackals
  4 quokkas
  2 ball pythons (D:3)
  9 bats
  8 frilled lizards
  A jackal zombie (D:8)
  24 kobolds
  13 rats
260 creatures vanquished.

Vanquished Creatures (collateral kills)
  6 soldier ants (D:8)
  An orc warrior (D:6)
  A sky beast (D:6)
  A bullfrog (D:9)
  4 killer bees (D:9)
  3 orc priests (D:6)
  An orc wizard (D:6)
17 creatures vanquished.

Vanquished Creatures (others)
  2 slaves (D:8)
2 creatures vanquished.

Grand Total: 279 creatures vanquished

Notes
Turn   | Place    | Note
-------+----------+-------------------------------------------
     0 | D:1      | sahdkjhfkaj the Octopode Berserker began the quest for the
                  | Orb.
     0 | D:1      | Reached XP level 1. HP: 16/16 MP: 1/1
   216 | D:1      | Reached XP level 2. HP: 20/21 MP: 2/2
   455 | D:1      | Reached skill level 4 in Polearms
   455 | D:1      | Reached XP level 3. HP: 26/26 MP: 3/3
  1216 | D:2      | Reached ** piety under Trog
  1216 | D:2      | Reached XP level 4. HP: 31/31 MP: 4/4
  1295 | D:2      | Found an ornate altar of the Wu Jian Council.
  1835 | D:2      | Reached skill level 5 in Polearms
  2011 | D:2      | Reached XP level 5. HP: 34/36 MP: 5/5
  2674 | D:3      | Reached *** piety under Trog
  3526 | D:3      | Reached XP level 6. HP: 43/43 MP: 6/6
  4404 | D:3      | Found a sparkling altar of Nemelex Xobeh.
  4546 | D:4      | Reached **** piety under Trog
  4686 | D:4      | Reached XP level 7. HP: 49/49 MP: 7/7
  4893 | D:4      | Reached skill level 6 in Polearms
  4999 | D:4      | Reached skill level 5 in Fighting
  4999 | D:4      | Reached skill level 5 in Dodging
  5336 | D:4      | Reached skill level 1 in Throwing
  5336 | D:4      | Reached XP level 8. HP: 51/56 MP: 8/8
  5782 | D:5      | Entered Level 5 of the Dungeon
  5965 | D:5      | Found a staircase to the Ecumenical Temple.
  6050 | D:5      | HP: 3/84 [sky beast (6)]
  6459 | D:5      | Found a runed translucent door.
  6460 | D:5      | Noticed SpoonFarmer's ghost (novice MiFi)
  6748 | D:5      | Found Suneog's Food Emporium.
  6979 | D:5      | Reached skill level 7 in Polearms
  7765 | D:6      | Noticed Menkaure
  8052 | D:6      | Reached XP level 9. HP: 40/63 MP: 9/9
  8545 | D:6      | Found a shattered altar of Ashenzari.
  8558 | D:6      | Reached ***** piety under Trog
  8919 | D:7      | Found a shadowy altar of Dithmenos.
  9624 | D:7      | Found a blossoming altar of Fedhas.
  9717 | D:8      | Noticed Pikel
  9729 | D:7      | Killed Pikel
  9729 | D:7      | Reached skill level 8 in Polearms
  9860 | D:8      | Found a basalt altar of Yredelemnul.
 10184 | D:8      | Reached skill level 5 in Throwing
 10220 | D:8      | Reached skill level 1 in Evocations
 10620 | D:8      | Reached XP level 10. HP: 33/71 MP: 11/11
 10631 | D:8      | Reached skill level 9 in Polearms
 11253 | D:8      | Reached skill level 5 in Evocations
 11298 | D:8      | Noticed Gastronok
 11330 | D:8      | HP: 2/71 [soldier ant (12)]
 11868 | D:9      | Reached skill level 10 in Polearms
 12403 | D:9      | Got a twisted mace
 12404 | D:9      | Identified the +7 mace "Jyaclenne" {antimagic, rF+ rN+
                  | Int+4} (You found it on level 9 of the Dungeon)
 12862 | D:9      | Found a staircase to the Lair.
 13284 | D:9      | Reached XP level 11. HP: 72/75 MP: 16/16
 13972 | D:9      | Found a staircase to the Orcish Mines.
 14040 | D:9      | Slain by an unseen horror

Illustrated notes

Levels and vault maps discovered:
D:1:      eino_arrival_cavern_a, layout_basic
D:2:      minmay_razor_zed, layout_basic, overflow_temple_1_default
D:3:      layout_rooms, portal_sewer_entry_e, nemelex_lonely_heart_becter
D:4:      layout_basic, first_ration, minmay_cut_off
D:5:      layout_loops_corners, temple_pool_b, ebering_ghost_reflecting_pool,
          serial_shops, nicolae_shop_temple_entry_statues_fountains
D:6:      layout_basic, nicolae_overflow_hidden_temple,
          kennysheep_generic_room_10, uniq_menkaure
D:7:      layout_loops_ring, nicolae_dithmenos_shadow_blocks,
          old_standard_altar, the_bakery, minivault_23
D:8:      layout_basic, overflow_temple_1_default,
          chequers_serial_rivers_small_b, minivault_29, uniq_pikel,
          uniq_gastronok
D:9:      layout_cave_pools, dpeg_oklobed_lair, orc_0_dummy, grunt_ministairs_5

Skill      XL: |  1  2  3  4  5  6  7  8  9 10 11 |
---------------+----------------------------------+-----
Polearms       | 4 5 6 7 8 10 | 10.9
Dodging        | 4 5 6 7 |  7.2
Fighting       | 4 5 6 7 |  7.4
Throwing       | 1 3 5 |  5.0
Evocations     | 2 7 |  7.3
Stealth        | 2 |  2.8

Action                   |  1- 3 |  4- 6 |  7- 9 | 10-12 || total
-------------------------+-------+-------+-------+-------++-------
Melee: Spear             |    86 |   211 |   360 |   127 ||   784
       Constrict         |    15 |    43 |    64 |    24 ||   146
       Tentacles         |    10 |    34 |    70 |    69 ||   183
       Trident           |       |       |       |   100 ||   100
Throw: Stone             |       |     6 |    71 |    86 ||   163
       Dart              |       |       |     1 |     1 ||     2
Invok: Berserk           |     1 |     6 |     7 |     5 ||    19
       Brothers in Arms  |       |       |     1 |     4 ||     5
  Use: Scroll            |       |     6 |     5 |     9 ||    20
       Potion            |       |       |       |     3 ||     3
 Stab: Sleeping          |    14 |    11 |    11 |       ||    36
  Eat: Chunk             |     1 |    18 |    13 |     5 ||    37
       Ration            |       |       |     3 |     4 ||     7
Armor: Skin              |     5 |     7 |     5 |     4 ||    21
Dodge: Dodged            |    21 |    95 |   135 |   114 ||   365
